General information
- name: BNet
- type: Ladder team game (AT/RT)
- host: Battle.net
- saver: DarKNeSSCaLLsMe
map: Avalanche
- players: 4
- length: 14:53
- speed: Fast
- version: 1.26 W3XP
- replay type: Public
» download(102 KB)
Players
team 1 (loser)

»
Sugu] (
green | 61 APM | 901 actions | 14:52)
2 Archmage
1 Summon Water Elemental
1 Brilliance Aura
2 Mountain King
1 Storm Bolt
1 Bash
» actions
| Assign group hotkey | 3 | |
| Basic commands | 9 | |
| Build / train | 51 | |
| Enter build submenu | 13 | |
| Enter hero's abilities submenu | 5 | |
| Remove unit from queue | 3 | |
| Right click | 496 | |
| Select / deselect | 246 | |
| Select group hotkey | 1 | |
| Use ability | 74 | |
901 total
» units
| Peasant | 14 | |
| Footman | 5 | |
| Sorceress | 4 | |
| Spell Breaker | 3 | |
| Priest | 2 | |
28 total
» upgrades
| Priest Training | 1 | |
| Sorceress Training | 1 | |
2 total
» buildings
| Farm | 7 | |
| Altar of Kings | 1 | |
| Barracks | 1 | |
| Scout Tower | 1 | |
| Arcane Tower | 1 | |
| Lumber Mill | 1 | |
| Keep | 2 | |
| Arcane Sanctum | 2 | |
| Arcane Vault | 2 | |
| Town Hall | 1 | |
19 total
» build order
00:08 Farm
00:10 Altar of Kings
00:52 Barracks
01:00 Farm
01:07 Farm
01:19 Scout Tower
01:50 Arcane Tower
02:05 Farm
02:32 Lumber Mill
03:02 Keep
04:19 Farm
04:20 Farm
04:21 Farm
05:44 Arcane Sanctum
05:46 Arcane Sanctum
06:26 Arcane Vault
09:17 Town Hall
11:14 Arcane Vault
» items
| Scroll of Town Portal | 2 | |
| Lesser Clarity Potion | 2 | |
| Ivory Tower | 3 | |
| Potion of Healing | 1 | |
8 total

»
THE_BOSS. (
yellow | 77 APM | 1147 actions | 14:49)
2 Death Knight
1 Death Coil
1 Unholy Aura
2 Lich
1 Frost Nova
1 Frost Armor
» actions
| Assign group hotkey | 60 | |
| Basic commands | 9 | |
| Build / train | 42 | |
| Enter build submenu | 11 | |
| Enter hero's abilities submenu | 4 | |
| Remove unit from queue | 3 | |
| Right click | 708 | |
| Select / deselect | 220 | |
| Select group hotkey | 36 | |
| Use ability | 54 | |
1147 total
» units
| Acolyte | 4 | |
| Ghoul | 4 | |
| Crypt Fiend | 11 | |
| Obsidian Statue | 2 | |
21 total
» upgrades
| Creature Attack | 1 | |
| Creature Carapace | 1 | |
2 total
» buildings
| Graveyard | 1 | |
| Crypt | 1 | |
| Altar of Darkness | 1 | |
| Ziggurat | 3 | |
| Tomb of Relics | 2 | |
| Nerubian Tower | 1 | |
| Halls of the Dead | 1 | |
| Slaughterhouse | 2 | |
| Spirit Tower | 1 | |
13 total
» build order
00:17 Graveyard
00:21 Crypt
00:53 Altar of Darkness
00:58 Ziggurat
01:13 Tomb of Relics
02:24 Nerubian Tower
02:41 Ziggurat
04:27 Halls of the Dead
06:01 Ziggurat
06:53 Slaughterhouse
07:11 Spirit Tower
08:54 Tomb of Relics
10:48 Slaughterhouse
» items
| Rod of Necromancy | 2 | |
| Dust of Appearance | 2 | |
| Potion of Healing | 1 | |
| Scroll of Town Portal | 1 | |
| Sacrificial Skull | 1 | |
7 total
team 2 (winner)

»
DarKNeSSCaLLsMe (
pink | 163 APM | 2425 actions | 14:53)
4 Mountain King
2 Storm Bolt
2 Bash
3 Paladin
2 Holy Light
1 Divine Shield
» actions
| Assign group hotkey | 69 | |
| Basic commands | 107 | |
| Build / train | 63 | |
| ESC pressed | 2 | |
| Enter build submenu | 23 | |
| Enter hero's abilities submenu | 7 | |
| Give item / drop item | 1 | |
| Right click | 953 | |
| Select / deselect | 338 | |
| Select group hotkey | 747 | |
| Use ability | 115 | |
2425 total
» units
| Peasant | 10 | |
| Footman | 6 | |
| Rifleman | 13 | |
| Mortar Team | 5 | |
34 total
» upgrades
| Long Rifles | 1 | |
| Flare | 1 | |
| Gunpowder | 1 | |
3 total
» buildings
| Altar of Kings | 1 | |
| Farm | 12 | |
| Barracks | 1 | |
| Scout Tower | 1 | |
| Arcane Tower | 2 | |
| Blacksmith | 1 | |
| Keep | 1 | |
| Lumber Mill | 1 | |
| Workshop | 1 | |
| Arcane Vault | 1 | |
| Castle | 3 | |
25 total
» build order
00:07 Altar of Kings
00:09 Farm
00:21 Barracks
01:07 Farm
01:36 Scout Tower
02:04 Arcane Tower
02:08 Farm
02:22 Farm
02:37 Blacksmith
04:10 Keep
04:13 Farm
05:05 Farm
05:09 Farm
05:51 Farm
05:58 Farm
06:27 Lumber Mill
07:05 Farm
07:15 Workshop
07:25 Arcane Vault
12:15 Farm
12:49 Farm
14:03 Castle
14:03 Castle
» items
| Scroll of Town Portal | 1 | |
| Scroll of Regeneration | 1 | |
| Lesser Clarity Potion | 2 | |
4 total

»
Fly[Lone] (
blue | 183 APM | 2726 actions | 14:52)
5 Blademaster
3 Wind Walk
2 Critical Strike
3 Shadow Hunter
1 Hex
2 Healing Wave
» actions
| Assign group hotkey | 82 | |
| Basic commands | 56 | |
| Build / train | 48 | |
| ESC pressed | 2 | |
| Enter build submenu | 13 | |
| Enter hero's abilities submenu | 8 | |
| Give item / drop item | 1 | |
| Right click | 1159 | |
| Select / deselect | 291 | |
| Select group hotkey | 982 | |
| Use ability | 84 | |
2726 total
» units
| Peon | 8 | |
| Grunt | 6 | |
| Raider | 3 | |
| Spirit Walker | 2 | |
| Kodo Beast | 3 | |
| Troll Headhunter/Berserker | 1 | |
23 total
» upgrades
| Ensnare | 1 | |
| Armor | 2 | |
| Spirit Walker Training | 1 | |
| Pillage | 1 | |
| Berserker Strength | 1 | |
| Melee Weapons | 1 | |
7 total
» buildings
| Altar of Storms | 1 | |
| Orc Burrow | 6 | |
| Barracks | 1 | |
| Voodoo Lounge | 1 | |
| Stronghold | 1 | |
| Beastiary | 1 | |
| Spirit Lodge | 1 | |
| War Mill | 1 | |
| Great Hall | 1 | |
14 total
» build order
00:07 Altar of Storms
00:19 Orc Burrow
00:36 Barracks
01:38 Orc Burrow
01:58 Voodoo Lounge
03:08 Stronghold
03:48 Orc Burrow
05:33 Beastiary
05:35 Spirit Lodge
05:48 Orc Burrow
05:50 War Mill
07:33 Orc Burrow
12:19 Great Hall
13:33 Orc Burrow
» items
| Healing Salve | 1 | |
| Lesser Clarity Potion | 1 | |
| Scroll of Speed | 1 | |
| Scroll of Town Portal | 2 | |
5 total
Chat log
(00:04 / Allies) DarKNeSSCaLLsMe: and fuck
(00:13 / All) DarKNeSSCaLLsMe: gl boss
(00:13 / Allies) Fly[Lone]: why you had to announce it
(00:18 / Allies) DarKNeSSCaLLsMe: boss is an ok player
(00:25 / All) THE_BOSS.: you too bro
(00:39 / Allies) DarKNeSSCaLLsMe: human orc
(00:42 / Allies) DarKNeSSCaLLsMe: want me to MK?
(00:47 / All) THE_BOSS.: you hack dont you?
(00:48 / All) THE_BOSS.: mh?
(00:48 / Allies) Fly[Lone]: up to you
(00:51 / All) DarKNeSSCaLLsMe: no?
(00:57 / All) DarKNeSSCaLLsMe: do you hack?
(01:01 / All) Fly[Lone]: he is rank1 ofc he hacks
(01:03 / All) THE_BOSS.: kk just checking
(01:08 / All) THE_BOSS.: nope
(01:16 / All) THE_BOSS.: ya and gj on rank
(01:25 / All) THE_BOSS.: as long as a hacker isnt rank 1 im hapy haha
(01:25 / All) DarKNeSSCaLLsMe: we've played lots of 4s rt you think i hack
(01:31 / All) DarKNeSSCaLLsMe: yeah the rank 2 + 3 are hackers tho
(01:41 / All) Sugu]: and your not? lol
(01:44 / All) THE_BOSS.: thats cool i dont mind if you trhink i hack hah
(01:47 / All) DarKNeSSCaLLsMe: legit since RoC brah
(03:18 / Allies) Fly[Lone]: after
(03:58 / All) DarKNeSSCaLLsMe: lol!
(04:03 / All) Sugu]: ya?
(04:04 / All) Sugu]: i hack
(04:06 / All) DarKNeSSCaLLsMe: nerd
(04:21 / Allies) Fly[Lone]: ud doing mid no
(04:39 / Allies) Fly[Lone]: claw
(04:39 / Allies) Fly[Lone]: n1
(05:19 / Allies) Fly[Lone]: lol
(05:21 / Allies) Fly[Lone]: they are screwed
(05:41 / Allies) Fly[Lone]: +30 ^^
(06:01 / All) DarKNeSSCaLLsMe: So boss you hacker as well then?
(06:03 / All) DarKNeSSCaLLsMe: I wasnt aware
(06:09 / All) THE_BOSS.: no hacks
(06:16 / All) DarKNeSSCaLLsMe: then why you AT with this scrub?
(06:47 / Allies) DarKNeSSCaLLsMe: i really know nothing about humna
(06:49 / Allies) DarKNeSSCaLLsMe: rifles + what units?
(06:54 / Allies) Fly[Lone]: hmm
(07:01 / Allies) Fly[Lone]: puish now
(07:03 / Allies) Fly[Lone]: they got nothign
(07:57 / Allies) Fly[Lone]: b
(09:06 / Allies) DarKNeSSCaLLsMe: atlar
(09:15 / Allies) DarKNeSSCaLLsMe: altar
(09:36 / Allies) DarKNeSSCaLLsMe: dk
(09:38 / Allies) DarKNeSSCaLLsMe: mk
(10:11 / Allies) Fly[Lone]: b
(10:39 / Allies) DarKNeSSCaLLsMe: 100g?
(10:46 / Allies) DarKNeSSCaLLsMe: nm
(10:53 / Allies) DarKNeSSCaLLsMe: god
(10:56 / Allies) DarKNeSSCaLLsMe: i really suck with human heh
(10:58 / Allies) DarKNeSSCaLLsMe: but trying my best
(10:59 / Allies) Fly[Lone]: y
(10:59 / Allies) DarKNeSSCaLLsMe: got some fiends
(11:39 / All) Sugu]: blue u like clikcing my hero?
(11:47 / All) DarKNeSSCaLLsMe: you like hacking and still losing?
(11:51 / All) DarKNeSSCaLLsMe: by the way, playing my worst race
(11:58 / All) Sugu]: blue was JUST hacking
(12:03 / All) DarKNeSSCaLLsMe: He doesnt hack nerd
(12:16 / All) Sugu]: ur telling the guy who hacks
(12:19 / All) Sugu]: blue isnt hacking
(12:45 / All) DarKNeSSCaLLsMe: book of gg
(12:52 / Allies) Fly[Lone]: ^^
(12:59 / Allies) Fly[Lone]: dusted me
(13:10 / Allies) DarKNeSSCaLLsMe: ya
(13:13 / Allies) DarKNeSSCaLLsMe: they both hack
(13:13 / Allies) DarKNeSSCaLLsMe: sad
(13:18 / Allies) DarKNeSSCaLLsMe: lets push?
(13:20 / Allies) Fly[Lone]: y
(14:33 / All) DarKNeSSCaLLsMe: gg nerds
(14:36 / All) DarKNeSSCaLLsMe: both hacker lol